 Dungeon Crawl Stone Soup version 0.28-a0-241-gfbb0926a3a (webtiles) character file.

Game seed: 12814496326290269916

2622 GordonOverkill the Skirmisher (level 9, -9/46 HPs)
             Began as a Felid Necromancer on Aug 24, 2021.
             Was an Elder of Ashenzari.
             Killed from afar by a rime drake (27 damage)
             ... with a flash freeze
             ... on level 1 of the Lair of Beasts.
             The game lasted 00:38:07 (16889 turns).

GordonOverkill the Skirmisher (Felid Necromancer)  Turns: 16889, Time: 00:38:08

Health: -9/46      AC:  2    Str:  4    XL:     9   Next: 34%
Magic:  22/23      EV: 18    Int: 19    God:    Ashenzari [****..]
Gold:   643        SH:  0    Dex: 23    Spells: 3/27 levels left
                                        Lives:  0   Deaths: 2

rFire   . . .      SeeInvis +   (weapon unavailable)
rCold   . . .      Faith    .   (shield unavailable)
rNeg    . . .      Spirit   .   (armour unavailable)
rPois   .          Reflect  .   (helmet unavailable)
rElec   .          Harm     .   (cloak unavailable)
rCorr   .          Rampage  .   (gloves unavailable)
Will    ++...      Clarity  +   (boots unavailable)
Stlth   +++.......              e - amulet "Distant Inaction" {RegenMP, Comp, Self} (curse)
HPRegen 0.15/turn               b - ring of the Eternal Planets {Will+, Self, Comp} (curse)
MPRegen 0.43/turn               q - +6 ring of dexterity

@: quick
A: very small, claws 1, fangs 3, see invisible, speed 1, shaggy fur 2, stealthy
paws, no weapons or thrown items, no armour, multi-lived
a: Renounce Religion, Shatter the Chains


You were on level 1 of the Lair of Beasts.
You worshipped Ashenzari.
Ashenzari was greatly pleased with you.
You visited 3 branches of the dungeon, and saw 11 of its levels.

You collected 643 gold pieces.

Inventory:

Jewellery
 b - the cursed ring of the Eternal Planets (left paw) {Will+, Self, Comp}
   (You found it on level 1 of the Dungeon)

   [ring of willpower]

   Will:      It increases your willpower.
   It has a curse which improves the following skills: Introspection: Fighting
   and Spellcasting.
   Companions: Summonings and Necromancy.
 e - the cursed amulet "Distant Inaction" (around neck) {RegenMP, Comp, Self}
   (You found it on level 7 of the Dungeon)

   [amulet of magic regeneration]

   It increases your rate of magic regeneration.
   It has a curse which improves the following skills: Companions: Summonings
   and Necromancy.
   Introspection: Fighting and Spellcasting.
 h - a ring of protection from fire
 p - a ring of fire
 q - a +6 ring of dexterity (right paw)
 u - a ring of fire
Scrolls
 f - a scroll of enchant armour
 j - a scroll of teleportation
 l - a scroll of amnesia
 o - 2 scrolls of blinking
 r - a scroll of vulnerability
Potions
 a - a potion of lignification
 c - 4 potions of might
 d - a potion of heal wounds
 g - 6 potions of curing
 i - 2 potions of mutation
 k - a potion of berserk rage
 m - 2 potions of haste
 n - a potion of ambrosia
 s - a potion of flight
Miscellaneous
 t - a box of beasts (inert)


   Skills:
 - Level 6.3(9.9) Fighting
 - Level 3.0 Dodging
 - Level 3.0 Stealth
 - Level 6.1(9.6) Spellcasting
 - Level 6.0 Conjurations
 - Level 6.0(9.5) Necromancy
 + Level 1.0 Ice Magic
 - Level 6.0 Earth Magic
 - Level 5.0 Evocations


You had 3 spell levels left.
You knew the following spells:

 Your Spells              Type           Power      Damage    Failure   Level
a - Pain                  Necr           100%       1d9       1%          1
b - Vampiric Draining     Necr           22%        2d9       1%          3
c - Iron Shot             Conj/Erth      16%        9d4       69%         6
d - Dispel Undead         Necr           45%        3d17      1%          4
e - Mephitic Cloud        Conj/Pois/Air  16%        N/A       11%         3
f - Ozocubu's Refrigerat  Ice            6%         4d6       100%        7

Your spell library contained the following spells:

 Spells                   Type           Power      Damage    Failure   Level
 Animate Skeleton         Necr           90%        N/A       1%          1
 Magic Dart               Conj           100%       1d8       1%          1
 Foxfire                  Conj/Fire      80%        2x1d8     2%          1
 Static Discharge         Conj/Air       20%        N/A       3%          2
 Freeze                   Ice            52%        1d7       4%          1
 Conjure Flame            Conj/Fire      20%        6-21      7%          3
 Call Imp                 Summ           11%        N/A       10%         2
 Slow                     Hex            9%         N/A       12%         2
 Frozen Ramparts          Ice            26%        1d4       16%         3
 Ozocubu's Armour         Ice            13%        N/A       16%         3
 Confusing Touch          Hex            9%         N/A       24%         3
 Inner Flame              Hex/Fire       9%         N/A       24%         3
 Animate Dead             Necr           22%        N/A       1%          4
 Agony                    Necr           45%        N/A       4%          5
 Hailstorm                Conj/Ice       22%        3d7       19%         4
 Sticky Flame             Conj/Fire      20%        2d4       22%         4
 Blade Hands              Tmut           4%         N/A       91%         5
 Animate Armour           Summ/Erth      Unusable   N/A       N/A         4

Dungeon Overview and Level Annotations

Branches:
Dungeon (9/15)             Temple (1/1) D:7            Lair (1/6) D:8
    Orc: D:9-12

Altars:
Ashenzari
Dithmenos
Elyvilon
Fedhas
Gozag
Hepliaklqana
Kikubaaqudgha
Makhleb
Nemelex Xobeh
Okawaru
Qazlal
Ru
Sif Muna
Trog
Uskayaw
Vehumet
Wu Jian
Xom
Yredelemnul
Zin
The Shining One

Annotations:
D:3 2 transporters, Arne's ghost, amateur TeAE
D:9 Joseph


Innate Abilities, Weirdness & Mutations

You have sharp claws.
You have razor-sharp teeth.
You have supernaturally acute eyesight. (SInv)
You cover ground quickly. (Speed+)
You are covered in thick fur. (AC +2)
Your paws help you pounce on unaware monsters.
You are incapable of wielding weapons or throwing items.
You cannot wear armour.
You gain extra lives every three experience levels.


Message History

Confirm with . or Enter, or press ? or * to list all spells.
Aiming: Vampiric Draining (safe; 1% risk of failure)
Press: ? - help, Shift-Dir - straight line, f/p - water moccasin
Aim: a water moccasin (moderately wounded)
You draw life force from the water moccasin!
You feel life coursing into your body. The water moccasin bites you!
You are poisoned.
The water moccasin poisons you!
Casting: Vampiric Draining (safe; 1% risk of failure)
Confirm with . or Enter, or press ? or * to list all spells.
Aiming: Vampiric Draining (safe; 1% risk of failure)
Press: ? - help, Shift-Dir - straight line, f/p - water moccasin
Aim: a water moccasin (severely wounded)
You draw life force from the water moccasin!
You feel life coursing into your body.
You feel sick.
The water moccasin bites you but does no damage.
Casting: Vampiric Draining (safe; 1% risk of failure)
Confirm with . or Enter, or press ? or * to list all spells.
Aiming: Vampiric Draining (safe; 1% risk of failure)
Press: ? - help, Shift-Dir - straight line, f/p - water moccasin
Aim: a water moccasin (almost dead)
You draw life force from the water moccasin!
You kill the water moccasin!
You feel life coursing into your body.
You feel sick.
Your Ice Magic skill increases to level 1!
You start resting.
You feel sick. x6
You are no longer poisoned.
A rime drake comes into view.
You start resting.
A rime drake is nearby!
The rime drake hisses angrily.
The rime drake breathes ice at you. The flash freeze hits you!!
* * * LOW HITPOINT WARNING * * *
You are encased in ice.
The ice encasing you melts away. The rime drake breathes ice at you.
The flash freeze hits you!!
Ouch! That really hurt!
You die...

######..####P##.........##..#..
#......#####......#....#.....†.
#........#.......####....#.k.##
#......#.........#...F.#.....##
#########.#........#.###..#####
##########.#.######..######
###...###....####..k..####
#......##..#####...######
#...........@.....######
#............#######
###...#....########
####.#.###### #####


You could see a rime drake (catching breath).

Vanquished Creatures
  A two-headed ogre (D:9)
  A hornet (D:7)
  A troll (D:8)
  2 water moccasins
  Duvessa (D:5)
  2 orc warriors (D:8)
  An ice beast (D:8)
  5 ogres
  4 wolves (D:8)
  5 centaurs
  Blork the orc (D:4)
  A bullfrog (D:6)
  A water moccasin zombie (D:7)
  Dowan (D:5)
  A water moccasin skeleton (D:4)
  10 wights
  A howler monkey (D:7)
  2 electric eels (D:8)
  A jelly (D:6)
  An orc priest (D:8)
  6 hounds
  A centaur skeleton (D:6)
  A gnoll shaman (D:7)
  A bullfrog skeleton (D:5)
  2 iguanas
  Natasha (thrice) (D:4)
  3 orc wizards
  Robin (D:3)
  4 gnolls (D:7)
  12 adders
  A white imp (D:7)
  2 ufetubi (D:6)
  A worm (D:3)
  3 dart slugs
  16 orcs
  6 endoplasms
  8 giant cockroaches
  13 goblins
  9 hobgoblins
  2 jackals (D:1)
  6 kobolds
  3 quokkas
  4 ball pythons
  3 bats
  7 frilled lizards
  A rat (D:2)
162 creatures vanquished.

Vanquished Creatures (others)
  3 toadstools (D:2)
3 creatures vanquished.

Grand Total: 165 creatures vanquished

Notes
Turn   | Place    | Note
-------+----------+-------------------------------------------
     0 | D:1      | GordonOverkill the Felid Necromancer began the quest for
                  | the Orb.
     0 | D:1      | Reached XP level 1. HP: 7/7 MP: 4/4
   679 | D:1      | Reached XP level 2. HP: 9/12 MP: 3/6
  1738 | D:1      | Reached skill level 1 in Fighting
  2077 | D:2      | Reached XP level 3. HP: 13/15 MP: 4/7
  2081 | D:2      | Learned a level 3 spell: Vampiric Draining
  2631 | D:2      | Found a faded altar of an unknown god.
  3169 | D:3      | Found an ancient bone altar of Kikubaaqudgha.
  3169 | D:3      | Found a basalt altar of Yredelemnul.
  3225 | D:3      | Found an ornate altar of the Wu Jian Council.
  3227 | D:3      | Found a shimmering altar of Xom.
  3228 | D:3      | Found a white marble altar of Elyvilon.
  3255 | D:3      | Found a transporter.
  3277 | D:3      | Noticed Arne's ghost (amateur TeAE)
  3277 | D:3      | Noticed an ogre
  3277 | D:3      | Noticed an ogre
  3296 | D:3      | Reached XP level 4. HP: 18/19 MP: 1/9
  3622 | D:3      | Noticed Robin
  4039 | D:3      | Found an opulent altar of Gozag.
  4094 | D:3      | Noticed an ogre
  4098 | D:3      | Found a transporter.
  4136 | D:3      | Killed Robin
  4839 | D:3      | Reached XP level 5. HP: 4/23 MP: 1/10
  5127 | D:4      | Reached skill level 5 in Necromancy
  5205 | D:4      | Noticed a phantom
  5970 | D:5      | Entered Level 5 of the Dungeon
  5990 | D:5      | Noticed Dowan
  6017 | D:5      | Killed Dowan
  6018 | D:5      | Gained mutation: You are covered in thick fur. (AC +2)
                  | [Felid growth]
  6018 | D:5      | Reached XP level 6. HP: 23/28 MP: 7/12
  6077 | D:5      | Noticed Duvessa
  6081 | D:5      | Slain by Duvessa
  6082 | D:5      | Reached XP level 5. HP: -4/24 MP: 11/11
  6091 | D:5      | Killed Duvessa
  6092 | D:5      | Reached skill level 1 in Evocations
  6299 | D:4      | Noticed an ogre
  6357 | D:4      | Noticed Blork the orc
  6372 | D:4      | Killed Blork the orc
  6373 | D:4      | Reached XP level 6. HP: 26/28 MP: 10/13
  6417 | D:4      | Identified the +0 hunting sling of the Ageless Blessings
                  | {speed, rF+ rN+ Int-4}
  6830 | D:4      | Noticed Natasha
  6835 | D:4      | Killed Natasha
  6952 | D:4      | Reached XP level 7. HP: 29/33 MP: 2/15
  7255 | D:4      | Noticed Natasha
  7261 | D:4      | Killed Natasha
  7363 | D:4      | Noticed Natasha
  7370 | D:4      | Killed Natasha
  7819 | D:5      | Reached skill level 5 in Spellcasting
  8086 | D:5      | Reached skill level 5 in Fighting
  8770 | D:6      | Learned a level 6 spell: Iron Shot
  8837 | D:6      | Reached skill level 5 in Evocations
  8876 | D:6      | Found a sacrificial altar of Ru.
  8877 | D:6      | Found a blossoming altar of Fedhas.
  9539 | D:6      | Reached skill level 1 in Conjurations
  9539 | D:6      | Reached skill level 1 in Earth Magic
  9678 | D:6      | Reached XP level 8. HP: 31/37 MP: 6/16
 10548 | D:6      | Identified a scroll of acquirement
 10548 | D:6      | Acquired a book of Touch
 10555 | D:6      | Learned a level 4 spell: Dispel Undead
 10633 | D:6      | Found a blossoming altar of Fedhas.
 10634 | D:6      | Found a sacrificial altar of Ru.
 11964 | D:7      | Found a staircase to the Ecumenical Temple.
 12011 | Temple   | Entered the Ecumenical Temple
 12232 | Temple   | Became a worshipper of Ashenzari the Shackled
 12703 | D:7      | Noticed a hornet
 12706 | D:7      | Killed a hornet
 12894 | D:7      | Found a staircase to the Ecumenical Temple.
 12996 | D:7      | Reached XP level 9. HP: 37/40 MP: 13/17
 14071 | D:8      | Noticed a troll
 14160 | D:8      | Killed a troll
 14161 | D:8      | Reached skill level 5 in Conjurations
 14161 | D:8      | Reached skill level 5 in Earth Magic
 14708 | D:8      | Reached * piety under Ashenzari
 14708 | D:8      | Reached ** piety under Ashenzari
 15162 | D:8      | Found a staircase to the Lair.
 15288 | D:7      | Learned a level 3 spell: Mephitic Cloud
 15755 | D:9      | Noticed Joseph
 15756 | D:9      | Noticed a two-headed ogre
 15894 | D:9      | Shot with a sling bullet by Joseph
 15895 | D:9      | Reached XP level 8. HP: -1/40 MP: 19/19
 15924 | D:9      | Noticed a troll
 15946 | D:9      | Noticed a blink frog
 16139 | D:9      | Killed a two-headed ogre
 16140 | D:9      | Reached XP level 9. HP: 42/43 MP: 1/21
 16326 | D:9      | Reached *** piety under Ashenzari
 16326 | D:9      | Reached **** piety under Ashenzari
 16355 | D:9      | Noticed a boulder beetle
 16362 | D:9      | Noticed an alligator
 16362 | D:9      | a boulder beetle changed into an alligator
 16588 | D:8      | Found a staircase to the Lair.
 16789 | Lair:1   | Entered Level 1 of the Lair of Beasts
 16814 | Lair:1   | Noticed a cane toad
 16837 | Lair:1   | Learned a level 7 spell: Ozocubu's Refrigeration
 16859 | Lair:1   | Noticed a cane toad
 16868 | Lair:1   | Reached skill level 1 in Ice Magic
 16873 | Lair:1   | Noticed a rime drake
 16889 | Lair:1   | Killed from afar by a rime drake

Illustrated notes

Levels and vault maps discovered:
D:1:      elethiomel_arrival_infinity_welcomes_careful_drivers, layout_basic
D:2:      wander_river, layout_basic, basic_ecumenical_altar,
          minmay_fountain_box, minmay_gold_behind_fungi
D:3:      layout_rooms, grunt_temple_overflow_open,
          mainiacjoe_overflow_alcove_4, gammafunk_ghost_smash, uniq_robin
D:4:      layout_basic, hangedman_abyss_or_decor_lesser_grid, minmay_bent,
          uniq_blork_the_orc, uniq_natasha, uniq_crazy_yiuf_cottage
D:5:      layout_cave_pools, serial_bayou, serial_bayou_pond_c,
          serial_bayou_lake_a, serial_bayou_lagoon_a, serial_bayou_ford_a,
          small_statue_alley_b, kennysheep_potato, uniq_duvessa
D:6:      layout_gridville, mainiacjoe_overflow_divided_tiny,
          dk_rats_in_the_wall
D:7:      layout_rooms, minmay_temple_entry_junction_2
D:8:      layout_loops_ring, erik_lair_island, minmay_misc_feat_hallway
D:9:      layout_big_octagon, uniq_joseph
Temple:   nicolae_temple_figure_eight
Lair:1:   layout_misc_corridors, lemuel_fruit_fields

Skill      XL: |  1  2  3  4  5  6  7  8  9 |
---------------+----------------------------+-----
Stealth        | 3 |  3.0
Dodging        | 3 |  3.0
Fighting       | 1 2 4 5 6 |  6.3
Spellcasting   | 3 4 5 6 |  6.1
Necromancy     | 5 6 |  6.0
Evocations     | 2 3 5 |  5.0
Conjurations   | 1 4 6 |  6.0
Earth Magic    | 1 4 6 |  6.0
Ice Magic      | 1 |  1.0

Action                   |  1- 3 |  4- 6 |  7- 9 || total
-------------------------+-------+-------+-------++-------
Melee: Unarmed           |     1 |    15 |    43 ||    59
       Bite              |       |     3 |     7 ||    10
 Cast: Pain              |    69 |   107 |   167 ||   343
       Vampiric Draining |     3 |    19 |    69 ||    91
       Dispel Undead     |       |       |    16 ||    16
       Mephitic Cloud    |       |       |    14 ||    14
Invok: Curse Item        |       |       |     2 ||     2
Evoke: Wand              |       |     6 |     5 ||    11
       Box of beasts     |       |       |     1 ||     1
  Use: Scroll            |     3 |     1 |    12 ||    16
       Potion            |     1 |       |     3 ||     4
 Stab: Sleeping          |     1 |     1 |     1 ||     3
       Distracted        |       |       |     1 ||     1
Armor: Skin              |       |     6 |    13 ||    19
Dodge: Dodged            |    11 |    49 |   144 ||   204

Table legend: (Time is in decaauts)
 A = Elapsed time spent in this place.
 B = Non-inter-level travel time spent in this place.
 C = Inter-level travel time spent in this place.
 D = Time resting spent in this place.
 E = Time spent auto-exploring this place.
 F = Levels seen in this place.
 G = Mean time per level.
                   A        B        C        D        E       F      G
               +--------+--------+--------+--------+--------+-----+--------+
         Total |  15412 |  14927 |    485 |   7893 |   4011 |  11 | 1401.1 |
       Dungeon |  15135 |  14683 |    452 |   7885 |   3840 |   9 | 1681.7 |
        Temple |    191 |    159 |     32 |      0 |    157 |   1 |  191.0 |
          Lair |     85 |     85 |      0 |      7 |     13 |   1 |   85.0 |
               +--------+--------+--------+--------+--------+-----+--------+

Top non-repeatable levels by time:
     D:6: 2561 daAuts
     D:8: 2519 daAuts
     D:3: 2083 daAuts
     D:1: 1852 daAuts
     D:4: 1725 daAuts
     D:7: 1482 daAuts
     D:2: 1347 daAuts
     D:5: 1072 daAuts
     D:9: 492 daAuts
  Temple: 191 daAuts
  Lair:1: 85 daAuts
